 Dungeon Crawl Stone Soup version 0.26-a0-667-g92642533e4 (webtiles) character file.

Game seed: 5807301904701596436

35197 Gargoyl the Fighter (level 13, 0/104 HPs)
             Began as a Gnoll Abyssal Knight on Oct 16, 2020.
             Was a Priest of Lugonu.
             Slain by a torpor snail (8 damage)
             ... on level 5 of the Lair of Beasts on Oct 18, 2020.
             The game lasted 00:36:25 (25082 turns).

Gargoyl the Fighter (Gnoll Abyssal Knight)         Turns: 25082, Time: 00:36:25

Health: 0/104      AC: 25    Str: 17    XL:     13   Next: 82%
Magic:  25/25      EV: 15    Int: 16    God:    Lugonu [***...]
Gold:   904        SH:  8    Dex: 16    Spells: 29/29 levels left

rFire    . . .     SeeInvis +   x - +2 short sword (venom)
rCold    . . .     Faith    .   o - +2 buckler
rNeg     . . .     Spirit   .   l - +1 scale mail {MR+}
rPois    .         Reflect  .   F - +2 helmet
rElec    .         Harm     .   B - +2 cloak {rCorr}
rCorr    +         Rampage  .   g - +2 pair of gloves
MR       +....                  d - +0 pair of boots
Stlth    +++.......             h - amulet of the acrobat
HPRegen  0.27/turn              G - +4 ring of protection
MPRegen  0.19/turn              j - ring of see invisible

@: slowed, very slow
A: distributed training, fangs 1, screaming 1, MP-powered wands, strong nose
a: Depart the Abyss, Bend Space, Banish, Renounce Religion


You were on level 5 of the Lair of Beasts.
You worshipped Lugonu.
Lugonu was most pleased with you.
You visited 2 branches of the dungeon, and saw 15 of its levels.
You visited the Abyss 1 time.

You collected 1072 gold pieces.
You spent 168 gold pieces at shops.

Inventory:

Hand Weapons
 a - a +1 hand axe
 k - a +3 war axe
 x - a +2 short sword of venom (weapon)
 C - a +2 short sword of draining
Missiles
 c - 85 poisoned darts (quivered)
 z - 8 curare-tipped darts
Armour
 d - a +0 pair of boots (worn)
 g - a +2 pair of gloves (worn)
 l - a +1 scale mail of magic resistance (worn)
 o - a +2 buckler (worn)
 B - a +2 cloak of preservation (worn)
 F - a +2 helmet (worn)
Jewellery
 h - an amulet of the acrobat (around neck)
 j - a ring of see invisible (right hand)
 G - a +4 ring of protection (left hand)
Wands
 e - a wand of enslavement (8)
 p - a wand of disintegration (43)
 u - a wand of random effects (15)
 A - a wand of flame (32)
Scrolls
 f - 10 scrolls of remove curse
 q - 2 scrolls of blinking
 s - a scroll of magic mapping
 t - 3 scrolls of identify
Potions
 b - 3 potions of lignification
 i - 2 potions of invisibility
 m - 3 potions of magic
 n - a potion of ambrosia
 r - a potion of cancellation {unknown}
 v - 3 potions of curing
 w - 2 potions of brilliance
 D - 2 potions of might
 E - 2 potions of degeneration {unknown}
 H - a potion of haste


   Skills:
 + Level 10.7 Fighting
 + Level 8.6 Short Blades
 + Level 8.6 Long Blades
 + Level 9.8 Axes
 + Level 8.6 Maces & Flails
 + Level 8.6 Polearms
 + Level 8.6 Staves
 + Level 8.6 Slings
 + Level 8.6 Bows
 + Level 8.6 Crossbows
 + Level 8.6 Throwing
 + Level 9.8 Armour
 + Level 9.1 Dodging
 + Level 8.6 Stealth
 + Level 8.6 Shields
 + Level 8.6 Unarmed Combat
 + Level 8.6 Spellcasting
 + Level 7.2 Conjurations
 + Level 7.2 Hexes
 + Level 7.2 Summonings
 + Level 7.2 Necromancy
 + Level 7.2 Translocations
 + Level 7.2 Transmutations
 + Level 7.2 Fire Magic
 + Level 7.2 Ice Magic
 + Level 7.2 Air Magic
 + Level 7.2 Earth Magic
 + Level 7.2 Poison Magic
 + Level 10.4 Invocations
 + Level 8.6 Evocations


You had 29 spell levels left.
You didn't know any spells.
Your spell library contained the following spells:

 Spells                   Type           Power        Failure   Level
 Cause Fear               Hex            ####......   14%         4
 Silence                  Hex/Air        ####......   38%         5
 Yara's Violent Unravell  Hex/Tmut       ####......   38%         5
 Discord                  Hex            ####......   100%        8


Dungeon Overview and Level Annotations

Branches:
Dungeon (10/15)            Temple (0/1) D:6            Lair (5/6) D:10
  Swamp (0/4) Lair:2        Snake (0/4) Lair:3
  Slime: Lair:5-6       Orc: D:9-12

Altars:
Ashenzari
Dithmenos
Fedhas
Gozag
Nemelex Xobeh
Qazlal
Ru
Sif Muna
Trog
Wu Jian
Yredelemnul

Shops:
D:4 !   D:5 *   D:9 [

Annotations:
D:4 1 runed translucent door, P0WERM0DE's ghost, amateur BaCK
Lair:3 3 runed translucent doors, Suawn's ghost, journeyman HuNe
Abyss:1 1994's ghost, journeyman MiGl; Rupert


Innate Abilities, Weirdness & Mutations

Your experience applies equally to all skills.
You have very sharp teeth.
Your uncanny sense of smell can sniff out nearby items.
You occasionally shout uncontrollably at your foes.
You expend magic power (3 MP) to strengthen your wands.


Message History

The torpor snail bites you!!
* * * LOW HITPOINT WARNING * * *
You hit the torpor snail.
The torpor snail looks as sick as possible!
The torpor snail is heavily wounded.
The torpor snail barely misses you.
You hit the torpor snail.
The torpor snail looks as sick as possible!
You bite the torpor snail, but do no damage.
The torpor snail is severely wounded.
The torpor snail bites you!!
* * * LOW HITPOINT WARNING * * *
You hit the torpor snail but do no damage.
The torpor snail looks as sick as possible!
The torpor snail is severely wounded.
You hit the torpor snail but do no damage.
The torpor snail looks as sick as possible!
The torpor snail is severely wounded.
The torpor snail bites you!
You die...

♣.♣♣♣♣.♣
♣.♣ ♣.♣
♣.♣♣ ♣♣.
♣♣.♣ ♣
♣.♣♣
♣♣.♣
♣.♣♣
♣♣.♣
♣@♣♣ ♣
♣♣w♣♣.♣
♣♣S).♣
♣♣♣...♣
..?♣ !.♣
∆ .♣ ∆ ♣


You could see a torpor snail (extremely poisoned) and a water moccasin.

Vanquished Creatures
  Fannar (Lair:3)
  A hydra (Lair:1)
  Harold (D:10)
  The ghost of Turbonekonecno the Thaumaturge, a journeyman OpVM of Sif Muna (D:10)
  A two-headed ogre (D:8)
  A black mamba (Lair:4)
  Maurice (D:10)
  7 cane toads
  A torpor snail (Lair:3)
  3 rime drakes
  9 komodo dragons
  2 hornets
  3 polar bears
  2 trolls (D:9)
  Prince Ribbit (D:7)
  13 dream sheep
  Grinder (D:3)
  11 spriggans
  A wyvern (Lair:4)
  36 yaks
  5 basilisks
  A steam dragon (Lair:3)
  2 swamp worms (Lair:2)
  Menkaure (D:5)
  3 nagas (Lair:3)
  Duvessa (D:5)
  15 water moccasins
  An ice beast (D:5)
  2 sky beasts
  2 black bears
  4 ogres
  3 boggarts
  3 phantoms (D:5)
  15 wolves
  4 centaurs
  19 bullfrogs
  Dowan (D:5)
  A scorpion (D:8)
  6 killer bees (D:10)
  8 wights
  A bullfrog zombie (D:10)
  An orc priest (D:6)
  A hound (D:4)
  2 jellies
  2 bullfrog skeletons (D:7)
  13 orc wizards
  Jessica (D:2)
  Terence (D:3)
  Natasha (thrice) (D:2)
  3 iguanas
  9 worker ants
  A hound skeleton (D:4)
  9 gnolls
  11 adders
  2 shadow imps (D:5)
  A white imp (D:6)
  3 oozes
  2 ufetubi (D:5)
  An adder skeleton (D:8)
  A worm (D:2)
  A dart slug (D:1)
  4 leopard geckos
  22 orcs
  6 bats
  4 giant cockroaches
  10 hobgoblins
  16 jackals
  5 quokkas
  3 ball pythons
  6 frilled lizards
  A giant cockroach zombie (D:5)
  8 goblins
  6 kobolds
  2 leopard gecko skeletons (D:4)
  A quokka skeleton (D:4)
  6 rats
363 creatures vanquished.

Vanquished Creatures (others)
  32 fungi
  36 plants
  2 withered plants (D:4)
70 creatures vanquished.

Grand Total: 433 creatures vanquished

Notes
Turn   | Place    | Note
-------+----------+-------------------------------------------
     0 | Abyss:1  | Gargoyl the Gnoll Abyssal Knight began the quest for the
                  | Orb.
     0 | Abyss:1  | Reached XP level 1. HP: 23/23 MP: 3/3
    25 | Abyss:1  | Noticed a jelly
    29 | Abyss:1  | Killed a jelly
    29 | Abyss:1  | Reached XP level 2. HP: 8/29 MP: 5/5
    29 | Abyss:1  | Reached XP level 3. HP: 10/35 MP: 6/6
   141 | Abyss:1  | Noticed a large abomination
   151 | Abyss:1  | Noticed a small abomination
   160 | D:1      | Escaped the Abyss
   442 | D:1      | Reached * piety under Lugonu
   593 | D:1      | Reached skill level 1 in Short Blades
   593 | D:1      | Reached skill level 1 in Long Blades
   593 | D:1      | Reached skill level 1 in Maces & Flails
   593 | D:1      | Reached skill level 1 in Polearms
   593 | D:1      | Reached skill level 1 in Staves
   593 | D:1      | Reached skill level 1 in Slings
   593 | D:1      | Reached skill level 1 in Bows
   593 | D:1      | Reached skill level 1 in Crossbows
   593 | D:1      | Reached skill level 1 in Throwing
   593 | D:1      | Reached skill level 1 in Stealth
   593 | D:1      | Reached skill level 1 in Shields
   593 | D:1      | Reached skill level 1 in Unarmed Combat
   593 | D:1      | Reached skill level 1 in Spellcasting
   593 | D:1      | Reached skill level 1 in Evocations
   698 | D:1      | Reached XP level 4. HP: 39/41 MP: 7/7
   999 | D:1      | Found a broken altar of Ashenzari.
  1234 | D:2      | Noticed Natasha
  1245 | D:2      | Killed Natasha
  1245 | D:2      | Reached skill level 1 in Conjurations
  1245 | D:2      | Reached skill level 1 in Hexes
  1245 | D:2      | Reached skill level 1 in Summonings
  1245 | D:2      | Reached skill level 1 in Necromancy
  1245 | D:2      | Reached skill level 1 in Translocations
  1245 | D:2      | Reached skill level 1 in Transmutations
  1245 | D:2      | Reached skill level 1 in Fire Magic
  1245 | D:2      | Reached skill level 1 in Ice Magic
  1245 | D:2      | Reached skill level 1 in Air Magic
  1245 | D:2      | Reached skill level 1 in Earth Magic
  1245 | D:2      | Reached skill level 1 in Poison Magic
  1246 | D:2      | Reached ** piety under Lugonu
  1455 | D:2      | Reached XP level 5. HP: 47/47 MP: 8/8
  1475 | D:2      | Noticed Jessica
  1494 | D:2      | Killed Jessica
  1987 | D:2      | Noticed Natasha
  1996 | D:2      | Killed Natasha
  2133 | D:2      | Noticed Natasha
  2143 | D:2      | Killed Natasha
  2194 | D:3      | Noticed Grinder
  2210 | D:3      | Paralysed by Grinder for 2 turns
  2212 | D:3      | Killed Grinder
  2212 | D:3      | Reached skill level 5 in Axes
  2212 | D:3      | Reached skill level 5 in Armour
  2212 | D:3      | Reached skill level 5 in Invocations
  2212 | D:3      | Reached XP level 6. HP: 33/53 MP: 9/9
  2362 | D:3      | Noticed Terence
  2409 | D:3      | Killed Terence
  2703 | D:3      | Reached XP level 7. HP: 54/59 MP: 10/10
  2893 | D:3      | You fall into a shaft and drop 2 floors!
  2893 | D:5      | Entered Level 5 of the Dungeon
  3290 | D:5      | Reached *** piety under Lugonu
  3332 | D:5      | Noticed Duvessa
  3333 | D:5      | Noticed Dowan
  3371 | D:5      | Killed Duvessa
  3393 | D:5      | Killed Dowan
  3972 | D:3      | Reached XP level 8. HP: 52/67 MP: 12/12
  4133 | D:3      | Found a shimmering blue altar of Sif Muna.
  4139 | D:3      | Found a bloodstained altar of Trog.
  4310 | D:4      | Found a runed translucent door.
  4322 | D:4      | Noticed P0WERM0DE's ghost (amateur BaCK)
  4511 | D:4      | Found a stormy altar of Qazlal.
  4932 | D:4      | Found a shadowy altar of Dithmenos.
  4947 | D:4      | Found a stormy altar of Qazlal.
  4992 | D:4      | Found a basalt altar of Yredelemnul.
  5005 | D:4      | Found an ornate altar of the Wu Jian Council.
  5036 | D:4      | Found Nazaifor's Distillery.
  5039 | D:4      | Bought a potion of curing for 42 gold pieces
  5039 | D:4      | Bought a potion of curing for 42 gold pieces
  5103 | D:4      | Bought 2 potions of curing for 84 gold pieces
  5417 | D:5      | Found Ahearemepu's Serpentskin Sales.
  5534 | D:5      | Noticed Menkaure
  5547 | D:5      | Killed Menkaure
  5547 | D:5      | Reached **** piety under Lugonu
  6231 | D:5      | Found a broken altar of Ashenzari.
  6285 | D:5      | Reached XP level 9. HP: 64/73 MP: 14/14
  6778 | D:6      | Found a staircase to the Ecumenical Temple.
  6980 | D:6      | Reached skill level 5 in Dodging
  7356 | D:6      | Found a sparkling altar of Nemelex Xobeh.
  7923 | D:7      | Noticed Prince Ribbit
  7936 | D:7      | Killed Prince Ribbit
  8645 | D:8      | Gained mutation: You occasionally shout uncontrollably at
                  | your foes. [potion of mutation]
  8645 | D:8      | Gained mutation: You expend magic power (3 MP) to
                  | strengthen your wands. [potion of mutation]
  8674 | D:8      | Reached XP level 10. HP: 66/80 MP: 17/17
  8973 | D:8      | Noticed a two-headed ogre
  8987 | D:8      | Killed a two-headed ogre
  8987 | D:8      | Reached skill level 5 in Short Blades
  8987 | D:8      | Reached skill level 5 in Long Blades
  8987 | D:8      | Reached skill level 5 in Maces & Flails
  8987 | D:8      | Reached skill level 5 in Polearms
  8987 | D:8      | Reached skill level 5 in Staves
  8987 | D:8      | Reached skill level 5 in Slings
  8987 | D:8      | Reached skill level 5 in Bows
  8987 | D:8      | Reached skill level 5 in Crossbows
  8987 | D:8      | Reached skill level 5 in Throwing
  8987 | D:8      | Reached skill level 5 in Stealth
  8987 | D:8      | Reached skill level 5 in Shields
  8987 | D:8      | Reached skill level 5 in Unarmed Combat
  8987 | D:8      | Reached skill level 5 in Spellcasting
  8987 | D:8      | Reached skill level 5 in Evocations
  9531 | D:8      | Found a sparkling altar of Nemelex Xobeh.
 10171 | D:9      | Found Laopext's Armour Boutique.
 11533 | D:9      | Found a blossoming altar of Fedhas.
 11637 | D:9      | Found an opulent altar of Gozag.
 11865 | D:10     | Entered Level 10 of the Dungeon
 11906 | D:10     | Noticed Harold
 11939 | D:10     | Killed Harold
 11939 | D:10     | Reached XP level 11. HP: 34/87 MP: 19/19
 12381 | D:10     | Noticed Maurice
 12403 | D:10     | Killed Maurice
 12824 | D:10     | Found a staircase to the Lair.
 13394 | D:10     | Found a large runed translucent door.
 13395 | D:10     | Found a large runed translucent door.
 13395 | D:10     | Noticed Turbonekonecno's ghost (journeyman OpVM)
 13649 | D:10     | Killed Turbonekonecno's ghost
 13649 | D:10     | Reached skill level 5 in Conjurations
 13649 | D:10     | Reached skill level 5 in Hexes
 13649 | D:10     | Reached skill level 5 in Summonings
 13649 | D:10     | Reached skill level 5 in Necromancy
 13649 | D:10     | Reached skill level 5 in Translocations
 13649 | D:10     | Reached skill level 5 in Transmutations
 13649 | D:10     | Reached skill level 5 in Fire Magic
 13649 | D:10     | Reached skill level 5 in Ice Magic
 13649 | D:10     | Reached skill level 5 in Air Magic
 13649 | D:10     | Reached skill level 5 in Earth Magic
 13649 | D:10     | Reached skill level 5 in Poison Magic
 13965 | Lair:1   | Entered Level 1 of the Lair of Beasts
 14167 | Lair:1   | Noticed a four-headed hydra
 14192 | Lair:1   | Killed a four-headed hydra
 15895 | Lair:2   | Reached XP level 12. HP: 43/96 MP: 22/22
 17729 | Lair:1   | Reached skill level 10 in Fighting
 18175 | Lair:2   | Noticed 1994's ghost (journeyman MiGl)
 18176 | Lair:2   | Found a runed translucent door.
 18178 | Lair:2   | Noticed a spriggan rider
 18179 | Lair:2   | Identified the +5 trident of the Dancing Jester {elec,
                  | *Slow rElec rPois Dex+9}
 18179 | Lair:2   | Noticed a spriggan rider
 18314 | Lair:2   | Found a staircase to the Swamp.
 19134 | Lair:2   | Banished 1994's ghost
 19224 | Lair:3   | Noticed a five-headed hydra
 19241 | Lair:3   | Banished a five-headed hydra
 19512 | Lair:3   | Found a runed translucent gate.
 19512 | Lair:3   | Found a runed translucent gate.
 19512 | Lair:3   | Found a runed translucent gate.
 20151 | Lair:3   | Reached XP level 13. HP: 79/103 MP: 24/24
 20581 | Lair:3   | Found a staircase to the Snake Pit.
 20930 | Lair:3   | Noticed Fannar
 20950 | Lair:3   | Killed Fannar
 21197 | Lair:3   | Noticed Suawn's ghost (journeyman HuNe)
 21284 | Lair:3   | You fall into a shaft and drop 1 floor!
 22033 | Lair:4   | Reached skill level 10 in Invocations
 23043 | Lair:4   | Noticed Rupert
 23044 | Lair:4   | Paralysed by Rupert for 6 turns
 23053 | Lair:4   | Banished Rupert
 24218 | Lair:5   | Found a sacrificial altar of Ru.
 24595 | Lair:5   | HP: 5/156 [cane toad (13)]
 25082 | Lair:5   | Slain by a torpor snail

Illustrated notes

Levels and vault maps discovered:
D:1:      heliophobic_arrival_enchanted_forest, layout_basic,
          kennysheep_flooded_box, st_stairs_9
D:2:      layout_rooms, grunt_decor_clamped, roderic_filled_cross, uniq_jessica,
          uniq_natasha
D:3:      layout_basic, minitemple, serial_forest, infiniplex_forest_straight_5,
          infiniplex_forest_end_2, infiniplex_forest_clump_diagonal,
          infiniplex_forest_end_double, infiniplex_forest_clump_cross,
          infiniplex_forest_straight_3, infiniplex_forest_straight_2,
          infiniplex_forest_lined_room_, corexii_hall_statues_l, uniq_grinder,
          uniq_terence
D:4:      layout_basic, nicolae_overflow_quartered_altars, serial_shops,
          kennysheep_mini_moat, nicolae_ossuary_entry_monument,
          gammafunk_ghost_grave, nicolae_qazlal_general_emergency
D:5:      layout_loops_ring, lemuel_doored_altar, guppyfry_shop_venom,
          uniq_menkaure, uniq_duvessa
D:6:      layout_basic, minmay_temple_entry_slanted, serial_rivers,
          chequers_serial_rivers_small_b, chequers_serial_rivers_micro_e,
          chequers_serial_rivers_large_a, chequers_serial_rivers_micro_c,
          chequers_serial_rivers_micro_a, nemelex_dance_club_becter
D:7:      layout_gridville, uniq_prince_ribbit1
D:8:      layout_loops_ring, marbit_many_paths, minivault_11
D:9:      layout_basic, fedhas_bush_and_centaur_altar, serial_shops,
          kennysheep_little_box, nicolae_gozag_cash_rules_everything_around_me
D:10:     layout_layer_cave, lair_entry_dummy, ebering_ghost_disaster_area,
          uniq_maurice, uniq_harold
Lair:1:   layout_regular_city, minmay_hedge_maze, grunt_megastairs_1
Lair:2:   wander_river, layout_chaotic_city, minmay_swamp_entry_worms,
          ebering_ghost_funeral_grove, beast_lair_carwin_10
Lair:3:   layout_chaotic_city, guppyfry_snake_entry_garden,
          gammafunk_ghost_necromancy, lemuel_fruit_fields, uniq_fannar
Lair:4:   layout_layer_cave, uniq_rupert
Lair:5:   kb_forest_paths, layout_long_grid, minmay_slime_entry_oklob_enclosed,
          basic_altar, grunt_forest_large_clearing_hut

Skill      XL: |  1  2  3  4  5  6  7  8  9 10 11 12 13 |
---------------+----------------------------------------+-----
Short Blades   | 1 2 3 4 5 6 7 8 |  8.6
Long Blades    | 1 2 3 4 5 6 7 8 |  8.6
Maces & Flails | 1 2 3 4 5 6 7 8 |  8.6
Polearms       | 1 2 3 4 5 6 7 8 |  8.6
Staves         | 1 2 3 4 5 6 7 8 |  8.6
Slings         | 1 2 3 4 5 6 7 8 |  8.6
Bows           | 1 2 3 4 5 6 7 8 |  8.6
Crossbows      | 1 2 3 4 5 6 7 8 |  8.6
Throwing       | 1 2 3 4 5 6 7 8 |  8.6
Stealth        | 1 2 3 4 5 6 7 8 |  8.6
Shields        | 1 2 3 4 5 6 7 8 |  8.6
Unarmed Combat | 1 2 3 4 5 6 7 8 |  8.6
Spellcasting   | 1 2 3 4 5 6 7 8 |  8.6
Evocations     | 1 2 3 4 5 6 7 8 |  8.6
Conjurations   | 1 2 3 4 5 6 7 |  7.2
Hexes          | 1 2 3 4 5 6 7 |  7.2
Summonings     | 1 2 3 4 5 6 7 |  7.2
Necromancy     | 1 2 3 4 5 6 7 |  7.2
Translocations | 1 2 3 4 5 6 7 |  7.2
Transmutations | 1 2 3 4 5 6 7 |  7.2
Fire Magic     | 1 2 3 4 5 6 7 |  7.2
Ice Magic      | 1 2 3 4 5 6 7 |  7.2
Air Magic      | 1 2 3 4 5 6 7 |  7.2
Earth Magic    | 1 2 3 4 5 6 7 |  7.2
Poison Magic   | 1 2 3 4 5 6 7 |  7.2
Dodging        | 3 4 5 6 7 8 9 |  9.1
Axes           | 5 6 7 8 9 |  9.8
Armour         | 5 6 7 8 9 |  9.8
Invocations    | 5 6 7 8 9 10 | 10.4
Fighting       | 7 8 9 10 | 10.7

Action                   |  1- 3 |  4- 6 |  7- 9 | 10-12 | 13-15 || total
-------------------------+-------+-------+-------+-------+-------++-------
Melee: Hand axe          |    55 |   189 |   154 |       |       ||   398
       Bite              |     9 |    18 |    83 |   182 |    66 ||   358
       Whip              |       |       |    38 |       |       ||    38
       Short sword       |       |       |   430 |  1156 |   429 ||  2015
       War axe           |       |       |       |     6 |    43 ||    49
Throw: Dart              |     1 |    18 |    21 |    86 |       ||   126
Invok: Depart the Abyss  |     1 |       |       |       |       ||     1
       Banish            |       |       |       |    14 |     8 ||    22
       Bend Space        |       |       |       |     2 |     1 ||     3
Evoke: Wand              |       |       |       |       |     6 ||     6
  Use: Scroll            |     1 |     1 |    17 |     9 |     5 ||    33
       Potion            |       |       |     5 |     7 |     8 ||    20
 Stab: Sleeping          |       |     1 |       |       |     2 ||     3
Armor: Leather armour    |    13 |    15 |       |       |       ||    28
       Plate armour      |       |    87 |   365 |   155 |       ||   607
       Skin              |       |       |     8 |       |    15 ||    23
       Scale mail        |       |       |       |   322 |   167 ||   489
Dodge: Dodged            |    48 |    73 |   126 |   553 |   279 ||  1079
Block: Buckler           |       |     5 |   212 |   381 |   190 ||   788

Table legend: (Time is in decaauts)
 A = Elapsed time spent in this place.
 B = Non-inter-level travel time spent in this place.
 C = Inter-level travel time spent in this place.
 D = Time resting spent in this place.
 E = Time spent auto-exploring this place.
 F = Levels seen in this place.
 G = Mean time per level.
                   A        B        C        D        E       F      G
               +--------+--------+--------+--------+--------+-----+--------+
         Total |  24792 |  24406 |    386 |   8072 |  11597 |  16 | 1549.5 |
       Dungeon |  13795 |  13512 |    283 |   2625 |   8323 |  10 | 1379.5 |
          Lair |  10837 |  10734 |    103 |   5446 |   3137 |   5 | 2167.4 |
         Abyss |    160 |    160 |      0 |      0 |    136 |   1 |  160.0 |
               +--------+--------+--------+--------+--------+-----+--------+

Top non-repeatable levels by time:
  Lair:1: 2843 daAuts
  Lair:2: 2580 daAuts
  Lair:3: 2408 daAuts
    D:10: 2095 daAuts
  Lair:4: 1984 daAuts
     D:5: 1755 daAuts
     D:9: 1737 daAuts
     D:3: 1477 daAuts
     D:8: 1442 daAuts
     D:6: 1184 daAuts
     D:4: 1135 daAuts
     D:2: 1046 daAuts
     D:1: 1020 daAuts
  Lair:5: 1020 daAuts
     D:7: 899 daAuts
